General information
- name: BNet
- type: Ladder team game (AT/RT)
- host: Battle.net
- saver: SmokingLettuce
map: TidewaterGlades
- players: 4
- length: 21:03
- speed: Fast
- version: 1.24 W3XP
- replay type: Public
» download(134 KB)
Players
team 1 (winner)
HORSEDlCK.mpg (
yellow | 103 APM | 2162 actions | 21:02)
4 Archmage
2 Blizzard
2 Brilliance Aura
4 Mountain King
2 Storm Bolt
2 Bash
3 Paladin
2 Holy Light
1 Divine Shield
» actions
| Assign group hotkey | 19 | |
| Basic commands | 32 | |
| Build / train | 68 | |
| ESC pressed | 1 | |
| Enter build submenu | 38 | |
| Enter hero's abilities submenu | 12 | |
| Give item / drop item | 3 | |
| Remove unit from queue | 1 | |
| Right click | 1077 | |
| Select / deselect | 442 | |
| Select group hotkey | 312 | |
| Use ability | 157 | |
2162 total
» units
| Peasant | 11 | |
| Satyr Shadowdancer | 1 | |
| Furbolg Shaman | 1 | |
| Sorceress | 2 | |
| Priest | 2 | |
17 total
» upgrades
| Masonry | 3 | |
| Magic Sentry | 1 | |
| Lumber Harvesting | 1 | |
| Sorceress Training | 2 | |
| Priest Training | 1 | |
8 total
» buildings
| Altar of Kings | 1 | |
| Farm | 6 | |
| Scout Tower | 29 | |
| Arcane Tower | 5 | |
| Lumber Mill | 1 | |
| Guard Tower | 7 | |
| Keep | 1 | |
| Arcane Sanctum | 1 | |
| Castle | 1 | |
| Arcane Vault | 2 | |
| Town Hall | 1 | |
55 total
» build order
00:06 Altar of Kings
00:20 Farm
00:26 Scout Tower
01:12 Arcane Tower
01:18 Lumber Mill
01:26 Farm
01:49 Scout Tower
01:53 Farm
02:20 Guard Tower
02:29 Scout Tower
03:26 Keep
03:27 Scout Tower
03:55 Arcane Tower
03:57 Scout Tower
04:18 Farm
04:50 Guard Tower
05:01 Scout Tower
05:11 Scout Tower
06:20 Guard Tower
06:24 Arcane Sanctum
06:25 Castle
07:59 Farm
08:11 Farm
09:18 Arcane Vault
09:22 Scout Tower
09:24 Guard Tower
09:43 Scout Tower
09:57 Arcane Tower
10:03 Scout Tower
10:04 Scout Tower
10:24 Arcane Tower
12:15 Arcane Tower
12:16 Guard Tower
13:09 Arcane Vault
17:29 Scout Tower
17:31 Scout Tower
17:35 Scout Tower
19:33 Scout Tower
19:35 Scout Tower
19:35 Scout Tower
19:37 Scout Tower
19:37 Scout Tower
19:41 Scout Tower
19:42 Scout Tower
19:43 Scout Tower
19:50 Scout Tower
19:50 Scout Tower
19:51 Scout Tower
19:53 Scout Tower
19:53 Scout Tower
20:46 Guard Tower
20:49 Town Hall
20:54 Guard Tower
20:59 Scout Tower
21:00 Scout Tower
» items
| Lesser Clarity Potion | 1 | |
| Scroll of Speed | 1 | |
| Staff of Teleportation | 3 | |
| Boots of Speed | 3 | |
| Potion of Healing | 1 | |
| Staff of Sanctuary | 3 | |
| Orb of Lightning | 1 | |
| Healing Salve | 1 | |
14 total
SmokingLettuce (
pink | 109 APM | 2299 actions | 21:03)
4 Blademaster
2 Wind Walk
2 Critical Strike
3 Shadow Hunter
1 Hex
2 Healing Wave
» actions
| Assign group hotkey | 24 | |
| Basic commands | 33 | |
| Build / train | 59 | |
| ESC pressed | 7 | |
| Enter build submenu | 30 | |
| Enter hero's abilities submenu | 7 | |
| Give item / drop item | 8 | |
| Right click | 1049 | |
| Select / deselect | 217 | |
| Select group hotkey | 716 | |
| Use ability | 147 | |
2299 total
» units
| Peon | 12 | |
| Kodo Beast | 1 | |
| Troll Batrider | 9 | |
| Furbolg Shaman | 1 | |
23 total
» upgrades
| Liquid Fire | 1 | |
| Reinforced Defenses | 1 | |
2 total
» buildings
| Altar of Storms | 1 | |
| Orc Burrow | 4 | |
| Voodoo Lounge | 1 | |
| War Mill | 1 | |
| Watch Tower | 18 | |
| Stronghold | 2 | |
| Fortress | 1 | |
| Beastiary | 2 | |
| Great Hall | 1 | |
31 total
» build order
00:10 Altar of Storms
00:22 Orc Burrow
00:57 Voodoo Lounge
01:12 War Mill
01:42 Orc Burrow
02:25 Watch Tower
03:17 Watch Tower
03:48 Stronghold
03:49 Stronghold
04:08 Watch Tower
04:24 Watch Tower
04:37 Watch Tower
04:40 Watch Tower
04:43 Watch Tower
05:51 Watch Tower
06:02 Watch Tower
06:57 Watch Tower
06:59 Watch Tower
07:06 Watch Tower
07:12 Watch Tower
08:00 Watch Tower
08:46 Watch Tower
08:47 Fortress
09:00 Beastiary
09:25 Beastiary
10:19 Orc Burrow
13:20 Orc Burrow
16:51 Watch Tower
16:51 Watch Tower
16:52 Watch Tower
21:00 Great Hall
» items
| Lesser Clarity Potion | 6 | |
| Healing Salve | 2 | |
| Scroll of Speed | 3 | |
| Circlet of Nobility | 2 | |
| Staff of Teleportation | 2 | |
| Boots of Speed | 4 | |
| Staff of Sanctuary | 1 | |
| Scroll of Regeneration | 1 | |
21 total
team 2 (loser)
newbie-loseone. (
teal | 174 APM | 3659 actions | 21:01)
4 Death Knight
2 Death Coil
2 Unholy Aura
3 Lich
2 Frost Nova
1 Frost Armor
2 Dark Ranger
1 Silence
1 Black Arrow
» actions
| Assign group hotkey | 54 | |
| Basic commands | 3 | |
| Build / train | 89 | |
| ESC pressed | 5 | |
| Enter build submenu | 20 | |
| Enter hero's abilities submenu | 10 | |
| Give item / drop item | 11 | |
| Right click | 1214 | |
| Select / deselect | 454 | |
| Select group hotkey | 1660 | |
| Use ability | 139 | |
3659 total
» units
| Acolyte | 4 | |
| Ghoul | 5 | |
| Crypt Fiend | 20 | |
| Obsidian Statue | 3 | |
| Frost Wyrm | 3 | |
35 total
» upgrades
| Creature Attack | 3 | |
| Burrow | 1 | |
| Destroyer Form | 1 | |
| Web | 1 | |
| Creature Carapace | 2 | |
| Freezing Breath | 1 | |
9 total
» buildings
| Graveyard | 1 | |
| Crypt | 1 | |
| Altar of Darkness | 1 | |
| Ziggurat | 7 | |
| Tomb of Relics | 1 | |
| Nerubian Tower | 1 | |
| Halls of the Dead | 1 | |
| Slaughterhouse | 1 | |
| Sacrificial Pit | 2 | |
| Black Citadel | 1 | |
| Boneyard | 1 | |
| Spirit Tower | 4 | |
| Necropolis | 3 | |
25 total
» build order
00:08 Graveyard
00:13 Crypt
00:31 Altar of Darkness
00:49 Ziggurat
01:03 Tomb of Relics
02:01 Ziggurat
02:26 Nerubian Tower
03:42 Halls of the Dead
04:29 Ziggurat
06:21 Slaughterhouse
06:22 Sacrificial Pit
07:14 Ziggurat
07:27 Black Citadel
09:33 Sacrificial Pit
10:33 Boneyard
11:35 Ziggurat
11:36 Ziggurat
13:39 Ziggurat
14:25 Spirit Tower
15:13 Spirit Tower
15:16 Necropolis
15:19 Necropolis
15:27 Necropolis
17:05 Spirit Tower
17:08 Spirit Tower
» items
| Rod of Necromancy | 5 | |
| Dust of Appearance | 4 | |
| Potion of Healing | 1 | |
| Scroll of Town Portal | 1 | |
| Potion of Lesser Invulnerability | 1 | |
12 total
nooobzzz. (
purple | 93 APM | 1954 actions | 20:57)
1 Demon Hunter
1 Mana Burn
» actions
| Assign group hotkey | 30 | |
| Build / train | 54 | |
| Enter build submenu | 21 | |
| Enter hero's abilities submenu | 1 | |
| Give item / drop item | 1 | |
| Remove unit from queue | 2 | |
| Right click | 793 | |
| Select / deselect | 413 | |
| Select group hotkey | 564 | |
| Use ability | 74 | |
1954 total
» units
| Wisp | 25 | |
| Huntress | 9 | |
| Glaive Thrower | 4 | |
| Archer | 9 | |
47 total
» buildings
| Altar of Elders | 1 | |
| Moon Well | 4 | |
| Hunter's Hall | 1 | |
| Ancient of War | 2 | |
| Tree of Life | 4 | |
| Tree of Ages | 1 | |
| Ancient Protector | 3 | |
16 total
» build order
00:12 Altar of Elders
00:18 Moon Well
01:50 Hunter's Hall
01:58 Ancient of War
02:04 Ancient of War
02:13 Moon Well
02:46 Moon Well
05:46 Moon Well
10:20 Tree of Life
12:11 Tree of Life
13:16 Tree of Life
16:52 Tree of Ages
17:08 Ancient Protector
17:29 Ancient Protector
17:38 Ancient Protector
18:40 Tree of Life
» items
| Boots of Speed | 1 | |
| Dust of Appearance | 2 | |
3 total
Chat log
(20:42 / All) SmokingLettuce: GG?
(20:56 / All) nooobzzz.: gg